 Dungeon Crawl Stone Soup version 0.22.1-6-g1668fe2 (webtiles) character file.

9136 Ancalimex the Thaumaturge (level 11, -6/54 HPs)
             Began as a Deep Elf Earth Elementalist on Jan 23, 2019.
             Was an Elder of Sif Muna.
             Mangled by an unseen horror (7 damage)
             ... on level 10 of the Dungeon on Jan 24, 2019.
             The game lasted 01:26:43 (13780 turns).

Ancalimex the Thaumaturge (DEEE)                   Turns: 13780, Time: 01:26:45

Health: -6/54      AC:  5    Str: 10    XL:     11   Next: 19%
Magic:  31/38      EV: 15    Int: 26    God:    Sif Muna [****..]
Gold:   786        SH:  0    Dex: 12    Spells: 9/34 levels left

rFire    + . .     SeeInvis .   x - +6 dagger "Eviscerator" {drain, +Rage MP+9 Str+5 Dex-3}
rCold    . . .     Gourm    .   (no shield)
rNeg     + . .     Faith    .   L - +0 robe {rN+}
rPois    .         Spirit   .   (no helmet)
rElec    .         Reflect  .   c - +1 cloak {+Inv}
rCorr    .         Harm     .   (no gloves)
MR       +++..     NoTele   +   (no boots)
Stlth    +++.......             (no amulet)
HPRegen  0.18/turn              D - ring of the Sky {-Tele rF+ MR++ Int+2}
MPRegen  0.26/turn              l - +1 ring of protection

@: very slightly contaminated, invisible
A: no striking features
a: Divine Energy, Channel Magic, Forget Spell, Renounce Religion, Evoke Berserk
Rage


You were on level 10 of the Dungeon.
You worshipped Sif Muna.
Sif Muna was greatly pleased with you.
You were not hungry.

You visited 3 branches of the dungeon, and saw 12 of its levels.
You also visited: Sewer.

You collected 786 gold pieces.

Inventory:

Hand Weapons
 a - a +3 quarterstaff of chaos
 i - a +1 short sword
 x - the +6 dagger "Eviscerator" (weapon) {drain, +Rage MP+9 Str+5 Dex-3}
   (You found it in a sewer)

   A truly terrible weapon, it drains the life of those it strikes.
   It affects your strength (+5).
   It affects your dexterity (-3).
   It affects your magic capacity (+9).
   It lets you go berserk.
Missiles
 b - 153 stones (quivered)
Armour
 c - a +1 cloak of invisibility (worn)
 L - a +0 robe of positive energy (worn)
Jewellery
 g - an uncursed ring of flight
 l - a +1 ring of protection (right hand)
 D - the ring of the Sky (left hand) {-Tele rF+ MR++ Int+2}
   (You found it on level 7 of the Dungeon)

   [ring of protection from fire]

   It affects your intelligence (+2).
   It protects you from fire.
   It affects your resistance to hostile enchantments.
   It prevents most forms of teleportation.
 J - an uncursed ring of teleportation
Wands
 p - a wand of iceblast (10)
 C - a wand of paralysis (13)
 E - a wand of enslavement (11)
 H - a wand of flame (24)
Scrolls
 j - a scroll of immolation
 k - 2 scrolls of magic mapping
 n - a scroll of blinking
 s - 5 scrolls of remove curse
 w - 4 scrolls of teleportation
 y - a scroll of random uselessness {unknown}
 B - a scroll of amnesia {unknown}
 G - a scroll of fog
Potions
 e - a potion of ambrosia {unknown}
 f - 2 potions of magic
 h - 5 potions of cancellation
 m - 3 potions of lignification {unknown}
 o - 2 potions of flight {unknown}
 q - 4 potions of curing {unknown}
 t - a potion of resistance {unknown}
 u - 4 potions of brilliance {unknown}
 v - a potion of experience {unknown}
 z - 3 potions of agility {unknown}
 A - 2 potions of mutation {unknown}
 I - a potion of haste {unknown}
Comestibles
 d - 15 rations


   Skills:
 + Level 6.4 Dodging
 + Level 5.6 Stealth
 + Level 12.3 Spellcasting
 * Level 7.8 Conjurations
 * Level 8.0 Transmutations
 + Level 2.5 Ice Magic
 + Level 9.5 Earth Magic
 + Level 1.1 Evocations


You had 9 spell levels left.
You knew the following spells:

 Your Spells              Type           Power        Failure   Level  Hunger
a - Sandblast             Erth           ######       1%          1    None
b - Passwall              Tmut/Erth      ######..     1%          2    None
c - Stone Arrow           Conj/Erth      ######       1%          3    None
d - Petrify               Tmut/Erth      ######..     1%          4    None
e - Lee's Rapid Deconstr  Erth           ######....   1%          5    ###....
f - Throw Icicle          Conj/Ice       #####...     4%          4    None
g - Iron Shot             Conj/Erth      ######....   16%         6    #####..

Your spell library contained the following spells:

 Spells                   Type           Power        Failure   Level  Hunger
 Beastly Appendage        Tmut           ######       1%          1    None
 Freeze                   Ice            ####         1%          1    None
 Sticks to Snakes         Tmut           ######..     1%          2    None
 Throw Frost              Conj/Ice       #####.       1%          2    None
 Spider Form              Tmut/Pois      #####.....   1%          3    None
 Iskenderun's Mystic Bla  Conj           ######..     1%          4    None
 Summon Small Mammal      Summ           ###.         3%          1    None
 Blade Hands              Tmut           ######....   3%          5    ###....
 Ice Form                 Ice/Tmut       #####...     4%          4    None
 Call Imp                 Summ           ###.....     5%          2    None
 Ozocubu's Armour         Chrm/Ice       ###.....     6%          3    None
 Call Canine Familiar     Summ           ###.....     11%         3    None
 Summon Guardian Golem    Hex/Summ       ###.....     11%         3    None
 Summon Ice Beast         Ice/Summ       ###.....     22%         4    None
 Summon Lightning Spire   Summ/Air       ###.....     34%         4    None
 Chain Lightning          Conj/Air       #####.....   100%        8    #######
 Summon Horrible Things   Summ           ###.......   100%        8    #######


Dungeon Overview and Level Annotations

Branches:
Dungeon (10/15)            Temple (0/1) D:7            Lair (1/6) D:8
    Orc (1/2) D:10

Altars:
Ashenzari
Cheibriados
Dithmenos
Gozag
Hepliaklqana
Kikubaaqudgha
Nemelex Xobeh
Okawaru
Ru
Sif Muna
Uskayaw
Wu Jian
Yredelemnul
Zin
The Shining One
Beogh

Shops:
D:5 [   D:7 (


Message History

Confirm with . or Enter, or press ? or * to list all spells.
You don't know that spell.
Casting: Throw Icicle (safe; 4% risk of failure)
Confirm with . or Enter, or press ? or * to list all spells.
You don't know that spell.
Something hits you! Something hits you! Something hits you. Something hits you!
* * * LOW HITPOINT WARNING * * *
You fail to use your ability.
Something hits you.
* * * LOW HITPOINT WARNING * * *
You fade into invisibility!
You are very lightly contaminated with residual magic.
You feel somewhat more hungry. Something hits you.
* * * LOW HITPOINT WARNING * * *
Something barely misses you. Something hits you but does no damage.
Something hits you!
You die...

....######.# ....#
#....#.# ....#
#....#..
....###....##.#
....'.+....##..###
....'##.<..#.....#
.......###.# #...#
....[..'...# #..#
.......##### #.@#
.......# #.{#
.......# #..#
######## #..#
####..# ####.....#
#....###'# #....#
... #'''##....#


There were no monsters in sight!

Vanquished Creatures
  A cyclops (D:9)
  A komodo dragon (D:8)
  4 trolls
  Prince Ribbit (D:8)
  Grinder (D:5)
  2 hippogriffs
  A wyvern (D:9)
  A spriggan (D:7)
  2 hungry ghosts
  5 yaks (D:10)
  A water moccasin (D:7)
  A floating eye (D:9)
  2 black bears (D:9)
  10 orc warriors
  A hornet zombie (D:8)
  2 ice beasts
  2 phantoms
  A sky beast (D:9)
  5 ogres
  2 centaurs
  3 bullfrogs
  2 big kobolds
  A gnoll sergeant (D:9)
  4 killer bees (D:9)
  3 scorpions
  3 wights (D:8)
  6 electric eels (D:9)
  2 howler monkeys
  A lava snake (D:10)
  A centaur zombie (D:9)
  2 crimson imps
  A quasit (D:9)
  A bullfrog zombie (D:9)
  4 hounds
  A jelly (D:6)
  9 orc priests
  Crazy Yiuf (D:3)
  A bullfrog skeleton (D:7)
  A gnoll shaman (D:5)
  Jessica (D:3)
  Natasha (thrice) (D:2)
  19 orc wizards
  An iguana (D:4)
  7 worker ants
  2 hound skeletons
  A howler monkey zombie (D:8)
  Robin (D:2)
  8 gnolls
  12 adders
  A river rat (D:4)
  A shadow imp (D:4)
  9 oozes
  4 adder skeletons
  3 worms
  5 dart slugs
  21 leopard geckos
  65 orcs
  10 ball pythons
  2 bat zombies (D:5)
  20 giant cockroaches
  13 goblins
  9 hobgoblins
  10 jackals
  5 quokkas
  7 bats
  21 frilled lizards
  10 kobolds
  A quokka skeleton (D:4)
  A quokka zombie (D:5)
  9 rats
  2 rat zombies (D:5)
  A bush (D:3)
378 creatures vanquished.

Vanquished Creatures (others)
  A bush (D:3)
  2 plants
3 creatures vanquished.

Grand Total: 381 creatures vanquished

Notes
Turn   | Place    | Note
-------+----------+-------------------------------------------
     0 | D:1      | Ancalimex the Deep Elf Earth Elementalist began the quest
                  | for the Orb.
     0 | D:1      | Reached XP level 1. HP: 10/10 MP: 6/6
   248 | D:1      | Reached XP level 2. HP: 15/15 MP: 5/8
   255 | D:1      | Learned a level 2 spell: Passwall
   734 | D:2      | Reached XP level 3. HP: 19/19 MP: 9/9
   743 | D:2      | Learned a level 3 spell: Stone Arrow
  1037 | D:2      | Noticed Robin
  1048 | D:2      | Killed Robin
  1048 | D:2      | Reached XP level 4. HP: 24/24 MP: 0/11
  1068 | D:2      | Noticed Natasha
  1258 | D:2      | Reached skill level 4 in Spellcasting
  1290 | D:2      | Killed Natasha
  1412 | D:2      | Noticed Natasha
  1429 | D:2      | Killed Natasha
  1429 | D:2      | Reached XP level 5. HP: 12/28 MP: 9/13
  1647 | D:2      | Noticed Natasha
  1654 | D:2      | Killed Natasha
  1813 | D:2      | Found a basalt altar of Yredelemnul.
  1815 | D:2      | Noticed a profane servitor
  1828 | D:2      | Found a glowing golden altar of the Shining One.
  1830 | D:2      | Noticed an angel
  2254 | D:3      | Learned a level 4 spell: Petrify
  2663 | D:3      | Reached skill level 1 in Conjurations
  2942 | D:3      | Noticed Jessica
  2948 | D:3      | Killed Jessica
  2948 | D:3      | Reached skill level 5 in Spellcasting
  2948 | D:3      | Reached skill level 5 in Earth Magic
  2948 | D:3      | Reached XP level 6. HP: 32/32 MP: 11/15
  3001 | D:3      | Found a runed door.
  3005 | D:3      | Noticed Crazy Yiuf
  3009 | D:3      | Killed Crazy Yiuf
  3941 | D:4      | Reached XP level 7. HP: 32/36 MP: 17/17
  4072 | D:4      | Found a glowing drain.
  4076 | Sewer    | Entered a sewer
  4742 | Sewer    | Got a shimmering dagger
  4743 | Sewer    | Identified the +6 dagger "Eviscerator" {drain, +Rage MP+9
                  | Str+5 Dex-3} (You found it in a sewer)
  5001 | D:4      | Found a hide-covered altar of Uskayaw.
  5001 | D:4      | Found a faded altar of an unknown god.
  5007 | D:4      | Found an ornate altar of the Wu Jian Council.
  5014 | D:4      | Found a snail-covered altar of Cheibriados.
  5016 | D:4      | Found a deep blue altar of Sif Muna.
  5020 | D:4      | Became a worshipper of Sif Muna the Loreminder
  5081 | D:4      | Reached skill level 6 in Spellcasting
  5178 | D:4      | Found a shadowy altar of Dithmenos.
  5299 | D:4      | Found a hazy altar of Hepliaklqana.
  5319 | D:5      | Entered Level 5 of the Dungeon
  5335 | D:4      | Learned a level 5 spell: Lee's Rapid Deconstruction
  5389 | D:5      | Found an ancient bone altar of Kikubaaqudgha.
  5711 | D:5      | Noticed Grinder
  5721 | D:5      | Killed Grinder
  5721 | D:5      | Reached * piety under Sif Muna
  5721 | D:5      | Reached XP level 8. HP: 41/41 MP: 14/19
  5722 | D:5      | Reached skill level 5 in Dodging
  5985 | D:5      | Found Xidgh's Antique Armour Boutique.
  6064 | D:6      | Reached skill level 7 in Spellcasting
  6084 | D:6      | Reached skill level 5 in Transmutations
  6607 | D:6      | Reached ** piety under Sif Muna
  6632 | D:6      | Found a sparkling altar of Nemelex Xobeh.
  6632 | D:6      | Found an opulent altar of Gozag.
  6682 | D:7      | Found a sacrificial altar of Ru.
  6734 | D:7      | Found Zummum's Weapon Emporium.
  6796 | D:7      | Got an ancient lead ring
  6797 | D:7      | Identified the ring of the Sky {-Tele rF+ MR++ Int+2} (You
                  | found it on level 7 of the Dungeon)
  6911 | D:7      | Found a shattered altar of Ashenzari.
  7130 | D:7      | Found a staircase to the Ecumenical Temple.
  7215 | D:7      | Reached skill level 8 in Spellcasting
  7587 | D:8      | Found a staircase to the Lair.
  7588 | D:8      | Noticed a komodo dragon
  7620 | D:8      | Noticed Prince Ribbit
  7643 | D:8      | Killed a komodo dragon
  7643 | D:8      | Reached skill level 5 in Conjurations
  7643 | D:8      | Reached XP level 9. HP: 38/45 MP: 16/23
  7651 | D:8      | Killed Prince Ribbit
  7773 | Lair:1   | Entered Level 1 of the Lair of Beasts
  7773 | Lair:1   | Noticed a komodo dragon
  7860 | D:8      | Reached skill level 9 in Spellcasting
  8263 | D:8      | Reached skill level 1 in Evocations
  8434 | D:8      | Found a glowing silver altar of Zin.
  8451 | D:8      | Reached *** piety under Sif Muna
  9098 | D:9      | Noticed a cyclops
  9106 | D:8      | Learned a level 4 spell: Throw Icicle
  9180 | D:9      | Reached skill level 10 in Spellcasting
  9651 | D:9      | Reached skill level 5 in Stealth
  9653 | D:9      | Reached XP level 10. HP: 39/50 MP: 15/26
  9962 | D:9      | Reached skill level 1 in Ice Magic
 10069 | D:9      | Reached **** piety under Sif Muna
 10331 | D:9      | Paralysed by a floating eye for 2 turns
 10348 | D:9      | Reached skill level 11 in Spellcasting
 10707 | D:9      | Found an iron altar of Okawaru.
 10812 | D:9      | Killed a cyclops
 11334 | D:10     | Entered Level 10 of the Dungeon
 11580 | D:10     | Reached ***** piety under Sif Muna
 11782 | D:10     | Found a staircase to the Orcish Mines.
 11783 | D:10     | Identified Sif Muna's Grimoire of Damaging Companions (Sif
                  | Muna gifted it to you on level 10 of the Dungeon)
 11783 | D:10     | Received a gift from Sif Muna
 11783 | D:10     | Reached XP level 11. HP: 53/54 MP: 28/28
 11799 | D:10     | Found a roughly hewn altar of Beogh.
 11857 | D:10     | Learned a level 6 spell: Iron Shot
 11863 | Orc:1    | Entered Level 1 of the Orcish Mines
 12013 | Orc:1    | Reached skill level 12 in Spellcasting
 12780 | D:10     | HP: 2/54 [orc warrior/scimitar (21)]
 13270 | Orc:1    | Noticed a two-headed ogre
 13416 | Orc:1    | Noticed an orc knight
 13777 | D:10     | HP: 1/54 [something (5)]
 13780 | D:10     | Mangled by an unseen horror

Skill      XL: |  1  2  3  4  5  6  7  8  9 10 11 |
---------------+----------------------------------+-----
Earth Magic    | 4 5 6 7 8 9 |  9.5
Dodging        | 3 4 5 6 |  6.4
Stealth        | 3 4 5 |  5.6
Transmutations | 2 3 4 5 6 7 8 |  8.0
Spellcasting   | 4 5 6 8 10 11 12 | 12.3
Conjurations   | 1 2 3 5 6 7 |  7.8
Evocations     | 1 |  1.1
Ice Magic      | 2 |  2.5

Action                   |  1- 3 |  4- 6 |  7- 9 | 10-12 || total
-------------------------+-------+-------+-------+-------++-------
Melee: Unarmed           |     9 |       |       |       ||     9
       Short sword       |    43 |   164 |       |       ||   207
       Quarterstaff      |       |    41 |   105 |       ||   146
       Dagger            |       |       |   158 |    78 ||   236
Throw: Stone             |       |       |       |     1 ||     1
 Cast: Sandblast         |    16 |    32 |    37 |    64 ||   149
       Stone Arrow       |     4 |    19 |    77 |     6 ||   106
       Passwall          |       |    18 |    16 |     1 ||    35
       Lee's Rapid Decon |       |       |    23 |    17 ||    40
       Throw Icicle      |       |       |     5 |    84 ||    89
       Petrify           |       |       |       |     1 ||     1
 Abil: Stop Flying       |       |       |     1 |       ||     1
       Evoke Flight      |       |       |     1 |       ||     1
       Evoke Invisibilit |       |       |     1 |     2 ||     3
Evoke: Wand              |       |       |     3 |     1 ||     4
  Use: Scroll            |     4 |     9 |     2 |     3 ||    18
       Potion            |       |       |     2 |     1 ||     3
 Stab: Sleeping          |     2 |     6 |     5 |       ||    13
       Distracted        |       |     1 |       |     1 ||     2
  Eat: Chunk             |     1 |     8 |    10 |     3 ||    22
       Ration            |       |     1 |     4 |     4 ||     9
Armor: Robe              |    13 |    66 |    65 |    23 ||   167
Dodge: Dodged            |    54 |   111 |   229 |   132 ||   526
